 Dungeon Crawl Stone Soup version 0.31-a0-988-g08d55dae12 (webtiles) character file.

Game seed: 14598063451212070315

30842 BinkBink the Fighter (level 13, -5/135 HPs)
             Began as a Gargoyle Fighter on Nov 4, 2023.
             Was a Follower of Ashenzari.
             Slain by an alligator simulacrum (9 damage)
             ... in an ice cave.
             The game lasted 00:28:11 (13454 turns).

BinkBink the Fighter (Gargoyle Fighter)            Turns: 13454, Time: 00:28:12

Health: -5/135     AC: 26    Str: 31    XL:     13   Next: 54%
Magic:  13/13      EV:  2    Int: 10    God:    Ashenzari [*.....]
Gold:   711        SH: 22    Dex: 15    Spells: 12/12 levels left

rFire   + . .        y - +6 whip of Inconvenience {speed, *Corrode rPois rC+ Will+ Str+2 Dex+3}
rCold   + + .        I - +0 tower shield
rNeg    + . .        A - melded +4 Cigotuvi's embrace {Corpsefed rMiasma Drain rN+}
rPois   ∞            (helmet currently unavailable)
rElec   .            m - melded +0 cloak
rCorr   .            n - melded +0 pair of gloves
SInv    +            (boots currently unavailable)
Will    ++...        B - amulet of reflection
Stlth   +            p - ring of Ouranomancy {rPois rF+ Will+ Str+3, Fort, Melee} (curse)
HPRegen 0.42/turn    v - ring of Supernal Knowledge {rC+ Int+2 Dex+3 SInv, Melee, Fort} (curse)
MPRegen 0.13/turn

%: corrode self (3%), reflection
@: tree-form, invisible
A: stationary, stasis, torment immunity, boosted hp, sickness immunity, AC +9,
negative energy resistance 1, (electricity resistance), torment resistance 1,
petrification resistance
a: Renounce Religion, Curse Item, Shatter the Chains


You were in an ice cave.
You worshipped Ashenzari.
Ashenzari was aware of your devotion.
You were a tree.
You visited 1 branch of the dungeon, and saw 14 of its levels.
You also visited: Ice Cave.

You collected 711 gold pieces.

Inventory:

Hand Weapons
 d - a +7 heavy hammer
 s - a +4 flail of venom
 y - the +6 whip of Inconvenience (weapon) {speed, *Corrode rPois rC+ Will+ Str+2 Dex+3}
   (You found it on level 8 of the Dungeon)

   Str+2:     It affects your strength (+2).
   Dex+3:     It affects your dexterity (+3).
   rC+:       It protects you from cold.
   rPois:     It protects you from poison Will+: It increases your willpower.
   *Corrode:  It may corrode you when you take damage.
Armour
 b - a +2 plate armour
 m - a +0 cloak (melded)
 n - a +0 pair of gloves (melded)
 A - the +4 Cigotuvi's embrace (melded) {Corpsefed rMiasma Drain rN+}
   (You found it on level 9 of the Dungeon)

   Corpsefed: It gathers nearby corpses to temporarily increase the armour it
   provides.
   rMiasma:   It protects you from foul pestilence.
   rN+:       It protects you from negative energy.
   Drain:     It drains your maximum health when unequipped.
 I - a +0 tower shield (worn)
Jewellery
 k - a ring of protection from cold
 p - the cursed ring of Ouranomancy (left branch) {rPois rF+ Will+ Str+3, Fort, Melee}
   (You found it on level 4 of the Dungeon)

   [ring of protection from fire]

   Str+3:     It affects your strength (+3).
   rF+:       It protects you from fire.
   rPois:     It protects you from poison Will+: It increases your willpower.
   It has a curse which improves the following skills: Fortitude: Armour and
   Shields.
   Melee Combat: Short Blades, Long Blades, Axes, Maces & Flails, Polearms,
   Staves and Unarmed Combat.
 v - the cursed ring of Supernal Knowledge (right branch) {rC+ Int+2 Dex+3 SInv, Melee, Fort}
   (You acquired it on level 5 of the Dungeon)

   [ring of see invisible]

   Int+2:     It affects your intelligence (+2).
   Dex+3:     It affects your dexterity (+3).
   rC+:       It protects you from cold.
   SInv:      It lets you see invisible.
   It has a curse which improves the following skills: Melee Combat: Short
   Blades, Long Blades, Axes, Maces & Flails, Polearms, Staves and Unarmed
   Combat.
   Fortitude: Armour and Shields.
 B - an amulet of reflection (around neck)
 C - a +4 ring of protection
 H - a ring of see invisible
Wands
 i - a wand of iceblast (7)
 G - a wand of flame (8)
Scrolls
 f - 10 scrolls of teleportation
 h - a scroll of vulnerability
 j - 4 scrolls of amnesia
 l - 5 scrolls of poison
 t - 2 scrolls of immolation
 x - 4 scrolls of summoning
 z - a scroll of revelation
 D - 3 scrolls of enchant armour
 F - 3 scrolls of identify
 J - a scroll of fear
Potions
 a - a potion of attraction
 e - a potion of enlightenment
 g - a potion of mutation
 o - 6 potions of degeneration
 q - 7 potions of curing
 r - a potion of invisibility
 w - a potion of brilliance
 E - a potion of lignification


   Skills:
 * Level 14.2 Fighting
 - Level 2.7(8.2) Axes
 * Level 12.3(13.6) Maces & Flails
 + Level 10.5(11.7) Armour
 + Level 5.6 Dodging
 + Level 10.3(11.5) Shields


You had 12 spell levels left.
You didn't know any spells.
Your spell library contained the following spells:

 Spells                   Type           Power      Damage    Failure   Level
 Freeze                   Ice            0%         1d3       67%         1
 Ensorcelled Hibernation  Hex/Ice        0%         N/A       82%         2
 Passwall                 Tmut/Erth      0%         N/A       82%         2
 Static Discharge         Conj/Air       0%         3-3/arc   82%         2
 Wereblood                Tmut           0%         N/A       82%         2
 Dazzling Flash           Conj/Hex       0%         N/A       96%         3
 Frozen Ramparts          Ice            0%         1d1       96%         3
 Hailstorm                Conj/Ice       0%         3d3       96%         3
 Swiftness                Air            0%         N/A       96%         3
 Volatile Blastmotes      Fire/Tloc      0%         2d10      96%         3
 Airstrike                Air            0%         2d(0-16)  100%        4
 Summon Lightning Spire   Summ/Air       0%         N/A       100%        4
 Starburst                Conj/Fire      0%         6d3       100%        6
 Summon Hydra             Summ           0%         N/A       100%        7
 Maxwell's Capacitive Co  Air            0%         ∞         100%        8
 Sublimation of Blood     Necr           Unusable   N/A       N/A         2

Dungeon Overview and Level Annotations

Branches:
Dungeon (14/15)            Temple (0/1) D:7            Lair (0/5) D:8
    Orc (0/2) D:12         Vaults (0/5) D:14          IceCv (1/1)

Altars:
Ashenzari
Cheibriados
Dithmenos
Gozag
Hepliaklqana
Kikubaaqudgha
Okawaru
Qazlal
Trog
Uskayaw
Zin

Shops:
D:4 (

Annotations:
D:9 4 transporters, 3 runed translucent doors, Tinttamiau's ghost, novice DEAE


Innate Abilities, Weirdness & Mutations

You are a tree.
Your roots penetrate the ground, keeping you stationary.
You cannot be teleported.
You are immune to unholy pain and torment.
Your maximum health is greatly increased.
Your equipment is partially melded.
You are immune to sickness and miasma.
((Your stone body is resilient. (AC +9)))
You are immune to poison.
You resist negative energy. (rN+)
((You are resistant to electric shocks. (rElec)))
You are resistant to unholy torment.
You are immune to petrification.


Message History

You resist.
You block the alligator simulacrum's attack.
You feel much better.
The ettin simulacrum hits you but does no damage.
You block the ettin simulacrum's attack.
The alligator simulacrum barely misses you.
The alligator simulacrum tail-slaps you!
The alligator simulacrum freezes you! You resist.
The alligator simulacrum bites you but does no damage.
The alligator simulacrum misses you.
You fade into invisibility!
You block the alligator simulacrum's attack.
The alligator simulacrum closely misses you.
The alligator simulacrum bites you!
* * * LOW HITPOINT WARNING * * *
The alligator simulacrum freezes you. You resist.
* * * LOW HITPOINT WARNING * * *
You block the alligator simulacrum's attack.
You block the ettin simulacrum's attack.
The ettin simulacrum closely misses you.
You turn into a tree.
Your +0 cloak melds into your body.
Your +0 pair of gloves melds into your body.
The +12 Cigotuvi's embrace {Corpsefed rMiasma Drain rN+} melds into your body.
Your corpse armour falls away.
Your roots penetrate the ground.
You block the alligator simulacrum's attack. x2
The alligator simulacrum bites you!
* * * LOW HITPOINT WARNING * * *
The alligator simulacrum freezes you! You resist.
* * * LOW HITPOINT WARNING * * *
You block the alligator simulacrum's attack.
You feel much better.
You block the ettin simulacrum's attack.
The ettin simulacrum hits you!
* * * LOW HITPOINT WARNING * * *
The ettin simulacrum freezes you! You resist.
* * * LOW HITPOINT WARNING * * *
The alligator simulacrum bites you.
* * * LOW HITPOINT WARNING * * *
The alligator simulacrum freezes you! You resist.
You die...

..Z ##.##
##...##
##.....##
#...∩...#
#.......#
#Z......#
#ZZZ∩...#
#♣Z.....#
#########


You could see 3 alligator simulacra, a lindwurm simulacrum (unable to see you)
and an ettin simulacrum (unable to see you).

Vanquished Creatures
  4 vault guards (D:14)
  3 centaur warriors
  A two-headed ogre (D:12)
  2 boulder beetles
  A tengu warrior (D:13)
  3 skeletal warriors (D:13)
  A deep elf pyromancer (D:13)
  9 ugly things
  2 manticores
  2 cyclopes (D:12)
  3 gargoyles
  A komodo dragon (D:12)
  Psyche (D:11)
  A kobold demonologist (D:14)
  2 unseen horrors
  3 freezing wraiths (D:14)
  2 tengu conjurers
  4 trolls
  A hornet (D:10)
  6 slime creatures (D:12)
  Sigmund (D:3)
  A vampire (D:8)
  3 shadows
  10 yaks (D:10)
  4 wraiths
  3 wyverns
  8 humans (D:14)
  2 steam dragons (D:8)
  4 vampire mosquitoes (D:10)
  Edmund (D:5)
  5 wargs
  5 water moccasins
  3 harpy simulacra (IceCv)
  An ice beast (D:5)
  2 ogres
  8 orc warriors
  7 centaurs
  A phantom (D:5)
  A bullfrog (D:9)
  2 gnoll sergeants
  5 scorpions
  4 killer bees (D:9)
  6 howler monkeys
  2 jellies (D:6)
  5 hounds
  7 orc priests
  Crazy Yiuf (D:2)
  A sleepcap (D:5)
  Jessica (D:3)
  A gnoll bouda (D:9)
  3 iguanas
  Ijyb (D:3)
  Terence (D:3)
  8 orc wizards
  Natasha (D:2)
  Robin (D:1)
  21 gnolls
  12 adders
  A shadow imp (D:5)
  A white imp (D:6)
  2 ufetubi (D:5)
  4 worms
  3 dart slugs
  25 orcs
  8 endoplasms
  5 giant cockroaches
  17 goblins
  10 hobgoblins
  6 jackals
  4 quokkas
  6 ball pythons
  8 bats
  4 frilled lizards
  9 kobolds
  5 rats
323 creatures vanquished.

Vanquished Creatures (collateral kills)
  A cyclops (D:13)
  3 slime creatures (D:13)
4 creatures vanquished.

Grand Total: 327 creatures vanquished

Notes
Turn   | Place    | Note
-------+----------+-------------------------------------------
     0 | D:1      | BinkBink the Gargoyle Fighter began the quest for the Orb.
     0 | D:1      | Reached XP level 1. HP: 14/14 MP: 1/1
    52 | D:1      | Reached XP level 2. HP: 18/19 MP: 2/2
   653 | D:1      | Reached XP level 3. HP: 24/24 MP: 3/3
   862 | D:2      | Noticed Robin
   868 | D:1      | Killed Robin
   869 | D:1      | Reached skill level 4 in Fighting
   910 | D:2      | Found a broken altar of Ashenzari.
   988 | D:2      | Reached XP level 4. HP: 29/29 MP: 4/4
  1028 | D:2      | Became a worshipper of Ashenzari the Shackled
  1333 | D:2      | Noticed Natasha
  1340 | D:2      | Killed Natasha
  1341 | D:2      | Reached XP level 5. HP: 34/34 MP: 5/5
  1500 | D:2      | Found a runed translucent door.
  1501 | D:2      | Noticed Crazy Yiuf
  1507 | D:2      | Killed Crazy Yiuf
  1633 | D:3      | Reached skill level 5 in Fighting
  1670 | D:3      | Reached XP level 6. HP: 29/40 MP: 6/6
  1788 | D:3      | Noticed Terence
  1801 | D:3      | Killed Terence
  1802 | D:3      | Reached skill level 1 in Maces & Flails
  2373 | D:3      | Noticed Jessica
  2379 | D:3      | Killed Jessica
  2552 | D:3      | Noticed Sigmund
  2557 | D:3      | Killed Sigmund
  2558 | D:3      | Reached XP level 7. HP: 44/45 MP: 7/7
  2670 | D:3      | Noticed Ijyb
  2678 | D:3      | Killed Ijyb
  2679 | D:3      | Reached skill level 6 in Fighting
  3132 | D:4      | Identified the ring of Uboaji {rPois rF+ Will+ Str+3}
  3196 | D:4      | Found an opulent altar of Gozag.
  3272 | D:4      | Found Neevyom's Weapon Shoppe.
  3310 | D:4      | Found a glowing silver altar of Zin.
  3317 | D:4      | Found a stormy altar of Qazlal.
  3540 | D:5      | Entered Level 5 of the Dungeon
  3569 | D:5      | Noticed Edmund
  3586 | D:5      | Killed Edmund
  3587 | D:5      | Reached skill level 5 in Armour
  3587 | D:5      | Reached skill level 5 in Shields
  3598 | D:5      | Reached XP level 8. HP: 36/52 MP: 8/8
  3743 | D:5      | Reached skill level 7 in Fighting
  3842 | D:5      | Found a hide-covered altar of Uskayaw.
  3969 | D:5      | Found an iron altar of Okawaru.
  4387 | D:5      | Reached skill level 5 in Maces & Flails
  4503 | D:5      | Identified a scroll of acquirement
  4503 | D:5      | Acquired the ring "Zuudyiqu" {rC+ Int+2 Dex+3 SInv}
  4631 | D:6      | Reached skill level 8 in Fighting
  4631 | D:6      | Reached XP level 9. HP: 59/59 MP: 9/9
  5337 | D:7      | Found a staircase to the Ecumenical Temple.
  5722 | D:8      | Reached skill level 9 in Fighting
  5767 | D:8      | Found an ancient bone altar of Kikubaaqudgha.
  5788 | D:8      | Identified the +6 whip of Inconvenience {speed, *Corrode
                  | rPois rC+ Will+ Str+2 Dex+3}
  6021 | D:8      | Found a staircase to the Lair.
  6092 | D:8      | Reached XP level 10. HP: 29/67 MP: 10/10
  6585 | D:9      | Reached skill level 10 in Fighting
  6617 | D:9      | Found a transporter.
  6638 | D:9      | Found a transporter.
  6729 | D:9      | Found a bloodstained altar of Trog.
  6862 | D:9      | Found the +4 Cigotuvi's embrace {Corpsefed rMiasma Drain
                  | rN+}
  6961 | D:9      | Found a hazy altar of Hepliaklqana.
  7093 | D:9      | Found a runed translucent gate.
  7093 | D:9      | Found a runed translucent gate.
  7093 | D:9      | Found a runed translucent gate.
  7093 | D:9      | Noticed Tinttamiau's ghost (novice DEAE)
  7234 | D:9      | Found a transporter.
  7275 | D:9      | Found a transporter.
  7410 | D:10     | Entered Level 10 of the Dungeon
  7475 | D:10     | Reached skill level 1 in Dodging
  8055 | D:10     | Reached skill level 11 in Fighting
  8055 | D:10     | Reached XP level 11. HP: 74/74 MP: 11/11
  8195 | D:10     | Found a shadowy altar of Dithmenos.
  8262 | D:10     | Found a snail-covered altar of Cheibriados.
  8572 | D:11     | Noticed a boulder beetle
  8775 | D:11     | Found a hide-covered altar of Uskayaw.
  8845 | D:11     | Killed a boulder beetle
  9136 | D:11     | Noticed Psyche
  9148 | D:11     | Killed Psyche
  9722 | D:12     | Noticed a manticore
  9744 | D:12     | Killed a manticore
  9891 | D:12     | Noticed a purple ugly thing
  9906 | D:12     | Killed a purple ugly thing
 10005 | D:12     | Reached * piety under Ashenzari
 10128 | D:12     | Reached skill level 12 in Fighting
 10128 | D:12     | Reached skill level 10 in Maces & Flails
 10696 | D:12     | Noticed a cyclops
 10723 | D:12     | Killed a cyclops
 10724 | D:12     | Reached XP level 12. HP: 66/81 MP: 12/12
 11005 | D:12     | Noticed a two-headed ogre
 11017 | D:12     | Killed a two-headed ogre
 11271 | D:12     | Found a staircase to the Orcish Mines.
 11669 | D:13     | Noticed a centaur warrior
 11680 | D:13     | Killed a centaur warrior
 11745 | D:13     | Noticed a boulder beetle
 11791 | D:13     | Killed a boulder beetle
 11950 | D:13     | Noticed a tengu warrior
 11975 | D:13     | Killed a tengu warrior
 12134 | D:13     | Reached skill level 13 in Fighting
 12738 | D:14     | Noticed a centaur warrior
 12751 | D:14     | Killed a centaur warrior
 12752 | D:14     | Reached XP level 13. HP: 60/88 MP: 13/13
 12765 | D:14     | Reached skill level 10 in Armour
 12765 | D:14     | Reached skill level 5 in Dodging
 12841 | D:14     | Noticed a vault guard
 12846 | D:14     | Noticed a vault guard
 12851 | D:14     | Reached skill level 10 in Shields
 12890 | D:14     | Killed a vault guard
 12920 | D:14     | Killed a vault guard
 12931 | D:14     | Noticed a vault guard
 12934 | D:14     | Noticed a vault guard
 12963 | D:14     | Killed a vault guard
 12990 | D:14     | Killed a vault guard
 12991 | D:14     | Reached skill level 14 in Fighting
 13015 | D:14     | Found a gate to the Vaults.
 13423 | D:14     | Found a frozen archway.
 13429 | IceCv    | Entered an ice cave
 13454 | IceCv    | HP: 4/135 [alligator simulacrum (4)]
 13454 | IceCv    | Slain by an alligator simulacrum

Illustrated notes

Levels and vault maps discovered:
D:1:      evilmike_arrival_come_back, layout_basic, minmay_stone_trees_medium,
          moated_statue, minmay_distorted
D:2:      layout_basic, basic_altar, uniq_crazy_yiuf_cottage, uniq_natasha,
          uniq_robin
D:3:      layout_loops_corners, minmay_randomly_rotated_circles, uniq_ijyb,
          uniq_sigmund, uniq_jessica, uniq_terence
D:4:      layout_cave_pools, mainiacjoe_overflow_alcove_4,
          amethyst_overflow_temple_binary, serial_shops, shop
D:5:      wad_river_or_something, layout_loops_cross,
          mainiacjoe_overflow_six_doors_small, okawaru_ov_weapons_minmay,
          uniq_edmund
D:6:      layout_cave_pools, eino_tiny_chamber
D:7:      layout_basic, minmay_temple_entry_ruins, serial_corexii_hall,
          chequers_hall_statues_corner_a, chequers_hall_statues_y
D:8:      layout_rooms, mainiacjoe_overflow_brackets, erik_lair_orcish_takeover
D:9:      layout_loops_ring, mainiacjoe_overflow_catwalk,
          worldfamousw_hep_ancestral_shrine, gammafunk_ghost_spectres,
          nicolae_diode_intersection
D:10:     layout_irregular_city, mainiacjoe_overflow_alcove_2,
          mainiacjoe_overflow_alcove_1
D:11:     layout_cave_pods, serial_column_ruins, column_ruins_courtyard_long,
          column_ruins_hut, column_ruins_open_tiny_water,
          column_ruins_corridor_water, column_ruins_grid_2,
          column_ruins_open_tiny, column_ruins_open_tiny, column_ruins_grid_1,
          nicolae_uskayaw_murder_on_the_dancefloor, uniq_psyche
D:12:     layout_basic, david_orc_1_choice, hex_intersection
D:13:     layout_roguey
D:14:     layout_roguey, ximxim_vaults_locker_room,
          portal_ice_cave_entry_horrid_things, roderic_lattice_a, uniq_agnes
IceCv:    ice_cave_statue_garden_chambered

Skill      XL: |  1  2  3  4  5  6  7  8  9 10 11 12 13 |
---------------+----------------------------------------+-----
Axes           | 2 |  2.7
Fighting       | 4 5 6 8 9 11 12 13 14 | 14.2
Armour         | 4 5 6 7 8 9 10 | 10.5
Shields        | 4 5 7 8 9 10 | 10.3
Maces & Flails | 2 3 5 7 8 10 11 12 | 12.3
Dodging        | 2 3 4 5 |  5.6

Action                     |  1- 3 |  4- 6 |  7- 9 | 10-12 | 13-15 || total
---------------------------+-------+-------+-------+-------+-------++-------
  Melee: War axe           |   112 |    58 |       |       |       ||   170
         Mace              |       |    87 |   210 |       |       ||   297
         Whip              |       |       |    82 |   950 |   305 ||  1337
 Invoke: Curse Item        |       |       |     1 |     1 |       ||     2
    Use: Potion            |       |     1 |       |       |     6 ||     7
         Scroll            |       |    11 |     5 |     7 |       ||    23
   Stab: Invisible         |       |       |       |       |     2 ||     2
 Armour: Scale mail        |    13 |       |       |       |       ||    13
         Plate armour      |    94 |   177 |   352 |    44 |       ||   667
         Chain mail        |    10 |       |       |       |       ||    10
         Leather armour    |       |       |       |   252 |    73 ||   325
         Skin              |       |       |       |       |     3 ||     3
  Dodge: Dodged            |    48 |    66 |   114 |   200 |    47 ||   475
  Block: Buckler           |    30 |    39 |    90 |   232 |    33 ||   424
         Reflection        |       |       |       |     9 |     4 ||    13
         Tower shield      |       |       |       |       |    96 ||    96

Table legend: (Time is in decaauts)
 A = Elapsed time spent in this place.
 B = Non-inter-level travel time spent in this place.
 C = Inter-level travel time spent in this place.
 D = Time resting spent in this place.
 E = Time spent auto-exploring this place.
 F = Levels seen in this place.
 G = Mean time per level.
                   A        B        C        D        E       F      G
               +--------+--------+--------+--------+--------+-----+--------+
         Total |  12974 |  12512 |    462 |    477 |   9450 |  15 |  864.9 |
       Dungeon |  12958 |  12496 |    462 |    477 |   9450 |  14 |  925.6 |
      Ice Cave |     16 |     16 |      0 |      0 |      0 |   1 |   16.0 |
               +--------+--------+--------+--------+--------+-----+--------+

Top non-repeatable levels by time:
    D:12: 1732 daAuts
     D:3: 1337 daAuts
    D:10: 1114 daAuts
     D:5: 1091 daAuts
    D:11: 983 daAuts
     D:9: 964 daAuts
     D:2: 911 daAuts
     D:1: 905 daAuts
    D:13: 901 daAuts
     D:7: 681 daAuts
     D:8: 636 daAuts
    D:14: 600 daAuts
     D:4: 590 daAuts
     D:6: 505 daAuts
   IceCv: 16 daAuts
